 Dungeon Crawl Stone Soup version 0.30-b1-6-gad0e9d6a2d (webtiles) character file.

Game seed: 7143958142240933411

5 H0rd4k the Charlatan (level 1, 0/15 HPs)
             Began as a Human Artificer on May 5, 2023.
             Slain by a quokka (3 damage)
             ... on level 1 of the Dungeon.
             The game lasted 00:00:24 (278 turns).

H0rd4k the Charlatan (Human Artificer)               Turns: 278, Time: 00:00:25

Health: 0/15       AC:  3    Str: 12    XL:     1   Next: 88%
Magic:  1/1        EV: 11    Int: 11    God:
Gold:   28         SH:  0    Dex: 13    Spells: 0/0 levels left

rFire   . . .        a - +0 club
rCold   . . .        (no shield)
rNeg    . . .        b - +0 leather armour
rPois   .            (no helmet)
rElec   .            (no cloak)
rCorr   .            (no gloves)
SInv    .            (no boots)
Will    .....        (no amulet)
Stlth   +            (no ring)
HPRegen 0.22/turn    (no ring)
MPRegen 0.07/turn

%: no passive effects
@: no status effects
A: no striking features
a: no special abilities


You were on level 1 of the Dungeon.
You visited 1 branch of the dungeon, and saw 1 of its levels.

You collected 28 gold pieces.

Inventory:

Hand Weapons
 a - a +0 club (weapon)
Armour
 b - a +0 leather armour (worn)
Jewellery
 f - a ring of magical power
Wands
 c - a wand of flame (15) (quivered)
 d - a wand of charming (15)
 e - a wand of iceblast (5)
Scrolls
 g - a scroll of immolation {unknown}
 h - a scroll of identify {unknown}


   Skills:
 + Level 1.2 Fighting
 - Level 2.0 Armour
 + Level 1.0 Dodging
 + Level 1.0 Stealth
 + Level 3.3 Evocations


You couldn't memorise any spells.
You didn't know any spells.
Your spell library contained the following spells:

 Spells                   Type           Power      Damage    Failure   Level
 Vhi's Electric Charge    Tloc/Air       0%         N/A       80%         3
 Arcjolt                  Conj/Air       0%         1d10      100%        5
 Maxwell's Capacitive Co  Air            0%         ∞         100%        8


Dungeon Overview and Level Annotations

Branches:
Dungeon (1/15)

Altars:


Message History

No target in view!
No target in view!
No target in view!
No target in view!
You pick up Maxwell's Memoranda and begin reading...
You add the spells Vhi's Electric Charge, Arcjolt and Maxwell's Capacitive Coupling to your library.
You see here a +0 ring mail.
A goblin comes into view. It is wielding a +0 club.
Found 4 poisoned darts.
A goblin is nearby!
The goblin shouts!
The goblin completely misses you.
You barely miss the goblin. The goblin closely misses you.
You closely miss the goblin. The goblin closely misses you.
You hit the goblin but do no damage. The goblin closely misses you.
A quokka comes into view.
You hit the goblin.
The goblin is heavily wounded.
The goblin hits you but does no damage. x2
You hit the goblin but do no damage.
The goblin is heavily wounded.
The quokka bites you. The goblin closely misses you.
You barely miss the goblin.
The goblin is heavily wounded.
The quokka closely misses you. The goblin completely misses you.
The quokka bites you.
You hit the goblin but do no damage.
The goblin is heavily wounded.
The goblin barely misses you. The quokka closely misses you.
The goblin hits you but does no damage. The quokka bites you.
The goblin attacks as you move away! The goblin hits you with a +0 club.
You closely miss the quokka.
The quokka bites you but does no damage.
You barely miss the quokka. The quokka closely misses you. x2
You closely miss the quokka. The quokka closely misses you.
The quokka bites you.
* * * LOW HITPOINT WARNING * * *
You hit the quokka but do no damage. The quokka bites you.
You die...

##.## ..#.########
.###........ #.#.########
##.## ### .#
#################### #..##
.[..............@rg#......
##################....#
#..#..# #.#(. #.# .....#.
# ##. #...# #. ..# . # ...
.. ..# ##


You could see a quokka and a goblin.

Vanquished Creatures
  2 goblins (D:1)
  A kobold (D:1)
  A frilled lizard (D:1)
  A rat (D:1)
5 creatures vanquished.

Notes
Turn   | Place    | Note
-------+----------+-------------------------------------------
     0 | D:1      | H0rd4k the Human Artificer began the quest for the Orb.
     0 | D:1      | Reached XP level 1. HP: 15/15 MP: 1/1
   278 | D:1      | Slain by a quokka

Illustrated notes

Levels and vault maps discovered:
D:1:      minmay_arrival_glassed_features, layout_loops_ring,
          grunt_decor_one_mirror, hex_tiny

Action                     || total
---------------------------++-------
  Melee: Club              ||    41
 Armour: Leather armour    ||     9
  Dodge: Dodged            ||    31
